 Dungeon Crawl Stone Soup version 0.31-a0-152-g6aa68a64a1 (webtiles) character file.

Game seed: 9008642286989084758

64 qw the Shooter (level 4, -2/39 HPs)
             Began as a Naga Hunter on June 10, 2023.
             Slain by an orc
             ... wielding a +0 trident
              (4 damage)
             ... on level 2 of the Dungeon.
             The game lasted 00:00:33 (926 turns).

qw the Shooter (Naga Hunter)                         Turns: 926, Time: 00:00:33

Health: -2/39      AC:  2    Str: 14    XL:     4   Next: 12%
Magic:  4/4        EV:  9    Int:  9    God:
Gold:   140        SH:  0    Dex: 16    Spells: 3/3 levels left

rFire   . . .        Y - +0 shortbow
rCold   . . .        (shield currently unavailable)
rNeg    . . .        c - +0 leather armour
rPois   +            (no helmet)
rElec   .            (no cloak)
rCorr   .            (no gloves)
SInv    +            (no barding)
Will    .....        d - amulet of the acrobat
Stlth   ++           (no ring)
HPRegen 0.26/turn    (no ring)
MPRegen 0.09/turn

%: acrobat
@: short of breath, very slow
A: AC +1, large, see invisible, deformed body, poison resistance, slowness 2,
spit poison 1, naga tail 1
a: Spit Poison


You were on level 2 of the Dungeon.
You visited 1 branch of the dungeon, and saw 2 of its levels.

You collected 140 gold pieces.


Innate Abilities, Weirdness & Mutations

Your serpentine skin is tough. (AC +1)
You have supernaturally acute eyesight. (SInv)
Armour fits poorly on your strangely shaped body.
Your system is resistant to poisons. (rPois)
You cover ground very slowly.
You can spit poison.
You have a snake-like lower body.


   Skills:
 + Level 2.2 Fighting
 - Level 5.0 Ranged Weapons
 - Level 1.5 Dodging
 - Level 1.5 Stealth


You had 3 spell levels left.
You didn't know any spells.
Your spell library was empty.

Inventory:

Hand Weapons
 Y - a +0 shortbow (weapon)
Armour
 c - a +0 leather armour (worn)
Jewellery
 d - an amulet of the acrobat (around neck)
 e - a ring of fire
Potions
 a - a potion of attraction {unknown}
 b - a potion of curing {unknown}
 f - 3 potions of haste {unknown}

Dungeon Overview and Level Annotations

Branches:
Dungeon (2/15)

Altars:
Fedhas

Annotations:
D:2 exclusion: 2 orcs


Message History

Enter note:
Enter note:
Enter note:
Enter note:
Enter note:
Enter note:
Enter note:
Enter note:
Enter note:
Enter note:
Enter note:
Enter note: You shoot an arrow.
The arrow hits the plant.
The plant begins to die.
The plant is lightly damaged.
A ball python comes into view.
The orc hits you from afar with a +0 trident!
You shoot an arrow. The ball python hisses angrily.
The arrow hits the plant!
The plant is lightly damaged.
The orc hits you from afar with a +0 trident.
An orc comes into view. It is wielding a +1 dagger of venom.
You shoot an arrow. The orc shouts!
The arrow hits the plant!
The plant is lightly damaged.
The orc hits you from afar with a +0 trident!
You shoot an arrow. The arrow hits the plant!
The plant is lightly damaged.
A nearby plant withers and dies.
The orc barely misses you. The orc closely misses you.
The ball python barely misses you. The ball python bites you.
926 ||| INVOKING Spit Poison.
Aiming: Spit Poison (1% risk of failure)
Press: ? - help, Shift-Dir - straight line, f - orc The splash of poison hits the orc.
The orc is poisoned.
The orc is moderately wounded.
The orc hits you from afar with a +0 trident.
You die...

........# #.........#
........# #.........#
.......## #.........#
.......# #.........#
.......#
##......)..##
########
#...P.P..)..#
###%.P.~~P..###
#P.####o.PP....
#.PP.@S###..### ##
#.P..oP._####
.###########P.....###
............P.~.}...#
.##########..P.}}P..#
.# ##.[.~..###.. .#
#P.......... .#
#....P...... .#
###.###.##..


You could see 2 orcs and a ball python.

Vanquished Creatures
  An adder (D:2)
  2 worms (D:2)
  A dart slug (D:1)
  3 orcs (D:2)
  5 endoplasms
  4 giant cockroaches (D:1)
  7 goblins
  A hobgoblin (D:1)
  A quokka (D:1)
  2 ball pythons
  4 bats
  2 frilled lizards (D:1)
  2 kobolds (D:1)
  5 rats
40 creatures vanquished.

Notes
Turn   | Place    | Note
-------+----------+-------------------------------------------
     0 | D:1      | qw the Naga Hunter began the quest for the Orb.
     0 | D:1      | Reached XP level 1. HP: 19/19 MP: 1/1
     0 | D:1      | 0 ||| qw: Version: 0.2-a-123-gb51047a
     0 | D:1      | 0 ||| qw: Game counter: 3713
     0 | D:1      | 0 ||| qw: Always use a shield: true
     0 | D:1      | 0 ||| qw: God list: Okawaru
     0 | D:1      | 0 ||| qw: Allow faded altars: false
     0 | D:1      | 0 ||| qw: Do Orc after D:15 true
     0 | D:1      | 0 ||| qw: Do second Lair branch before Depths: true
     0 | D:1      | 0 ||| qw: Lair rune preference: random
     0 | D:1      | 0 ||| qw: Plans: Normal
     0 | D:1      | 0 ||| PLANNING D:1-11
    16 | D:1      | 16 ||| INVOKING Spit Poison.
    28 | D:1      | 28 ||| INVOKING Spit Poison.
    45 | D:1      | 45 ||| INVOKING Spit Poison.
    49 | D:1      | 49 ||| INVOKING Spit Poison.
    54 | D:1      | 54 ||| INVOKING Spit Poison.
    57 | D:1      | 57 ||| INVOKING Spit Poison.
    58 | D:1      | 58 ||| INVOKING Spit Poison.
    76 | D:1      | 76 ||| INVOKING Spit Poison.
    79 | D:1      | Reached skill level 4 in Ranged Weapons
    79 | D:1      | Reached XP level 2. HP: 26/26 MP: 2/2
    82 | D:1      | 82 ||| INVOKING Spit Poison.
    87 | D:1      | 87 ||| INVOKING Spit Poison.
    92 | D:1      | 92 ||| INVOKING Spit Poison.
   135 | D:1      | Found a blossoming altar of Fedhas.
   222 | D:1      | 222 ||| INVOKING Spit Poison.
   264 | D:1      | 264 ||| INVOKING Spit Poison.
   268 | D:1      | 268 ||| INVOKING Spit Poison.
   277 | D:1      | 277 ||| INVOKING Spit Poison.
   278 | D:1      | 278 ||| INVOKING Spit Poison.
   279 | D:1      | 279 ||| Stepping ~*~*~tactically~*~*~ (outnumbered).
   283 | D:1      | 283 ||| INVOKING Spit Poison.
   289 | D:1      | 289 ||| INVOKING Spit Poison.
   362 | D:1      | 362 ||| INVOKING Spit Poison.
   389 | D:1      | 389 ||| INVOKING Spit Poison.
   390 | D:1      | Reached XP level 3. HP: 32/32 MP: 3/3
   412 | D:1      | 412 ||| INVOKING Spit Poison.
   488 | D:1      | 488 ||| INVOKING Spit Poison.
   494 | D:1      | 494 ||| INVOKING Spit Poison.
   499 | D:1      | 499 ||| INVOKING Spit Poison.
   512 | D:1      | 512 ||| INVOKING Spit Poison.
   578 | D:1      | 578 ||| UPGRADING to amulet of the acrobat.
   583 | D:1      | 583 ||| READING scroll labelled WOJUNO BEEBBE.
   588 | D:1      | 588 ||| READING scroll labelled SIYWOW VODINN.
   589 | D:1      | 589 ||| DROPPING scroll of butterflies.
   631 | D:2      | 631 ||| INVOKING Spit Poison.
   647 | D:2      | 647 ||| INVOKING Spit Poison.
   652 | D:2      | 652 ||| INVOKING Spit Poison.
   711 | D:2      | 711 ||| INVOKING Spit Poison.
   768 | D:2      | 768 ||| INVOKING Spit Poison.
   797 | D:2      | 797 ||| INVOKING Spit Poison.
   802 | D:2      | 802 ||| INVOKING Spit Poison.
   805 | D:2      | Reached skill level 5 in Ranged Weapons
   805 | D:2      | Reached XP level 4. HP: 35/39 MP: 4/4
   875 | D:2      | Found a faded altar of an unknown god.
   884 | D:2      | 884 ||| INVOKING Spit Poison.
   894 | D:2      | 894 ||| INVOKING Spit Poison.
   897 | D:2      | 897 ||| INVOKING Spit Poison.
   903 | D:2      | 903 ||| INVOKING Spit Poison.
   908 | D:2      | 908 ||| INVOKING Spit Poison.
   911 | D:2      | 911 ||| INVOKING Spit Poison.
   916 | D:2      | 916 ||| READING scroll labelled GUVIDA ZAGILEU.
   921 | D:2      | HP: 8/39 [orc/+0 trident (5)]
   922 | D:2      | HP: 1/39 [orc/+0 trident (7)]
   926 | D:2      | 926 ||| INVOKING Spit Poison.
   926 | D:2      | Slain by an orc

Levels and vault maps discovered:
D:1:      mainiacjoe_arrival_reflecting_pool, layout_basic,
          amcnicky_mini_corridor_feature, minmay_hexomino_r4
D:2:      layout_basic, shapermc_ecumenical_altar_mp_ritualfount,
          minmay_close_crescents

Skill      XL: |  1  2  3 |
---------------+----------+-----
Ranged Weapons | 4 5 |  5.0
Fighting       | |  2.2
Dodging        | |  1.5
Stealth        | |  1.5

Action                     |  1- 3 |  4- 6 || total
---------------------------+-------+-------++-------
   Fire: Shortbow          |    80 |    13 ||    93
Ability: Spit Poison       |    30 |     7 ||    37
    Use: Scroll            |     2 |     1 ||     3
 Armour: Leather armour    |    20 |       ||    20
  Dodge: Dodged            |    26 |    11 ||    37

Table legend:
 A = Non-vault XP
 B = Vault XP
 C = Vault XP percentage of total XP
 D = Non-vault monster count
 E = Vault monster count
 F = Vault count percentage of total count
                 A         B        C        D         E       F
            +---------+---------+-------+---------+---------+-------
      Total |      81 |      11 |  12.0 |      35 |       5 |  12.5
            +---------+---------+-------+---------+---------+-------
        D:1 |      38 |       6 |  13.6 |      22 |       4 |  15.4
        D:2 |      43 |       5 |  10.4 |      13 |       1 |   7.1
            +---------+---------+-------+---------+---------+-------
